 Dungeon Crawl Stone Soup version 0.23.2-33-g5129a83184 (webtiles) character file.

Game seed: 12357996129164769477

23 Ivernyr the Caller (level 2, -1/20 HPs)
             Began as a Draconian Summoner on July 5, 2019.
             Slain by an adder (2 damage)
             ... on level 2 of the Dungeon.
             The game lasted 00:03:33 (1253 turns).

Ivernyr the Caller (Draconian Summoner)             Turns: 1253, Time: 00:03:34

Health: -1/20      AC:  4    Str: 10    XL:     2   Next: 75%
Magic:  1/5        EV: 12    Int: 15    God:
Gold:   60         SH:  0    Dex: 11    Spells: 3/6 levels left

rFire    + . .     SeeInvis .   d - +0 club
rCold    . . .     Gourm    .   (no shield)
rNeg     . . .     Faith    .   (armour unavailable)
rPois    .         Spirit   .   (helmet restricted)
rElec    .         Reflect  .   (no cloak)
rCorr    .         Harm     .   (no gloves)
MR       .....                  (no boots)
Stlth    ++........             (no amulet)
HPRegen  0.06/turn              j - ring of protection from fire
MPRegen  0.09/turn              (no ring)

@: no status effects
A: unfitting armour, cold-blooded, AC +4
a: no special abilities


You were on level 2 of the Dungeon.
You were very hungry.

You visited 1 branch of the dungeon, and saw 2 of its levels.

You collected 60 gold pieces.

Inventory:

Hand Weapons
 d - a +0 club (weapon)
Jewellery
 j - a ring of protection from fire (left hand)
Wands
 i - a wand of paralysis (13)
Scrolls
 c - 2 scrolls of remove curse {unknown}
 e - a scroll of fear {unknown}
 g - a scroll of enchant armour {unknown}
 h - a scroll of identify {unknown}
 k - a scroll of magic mapping {unknown}
Potions
 a - 2 potions of agility {unknown}
 f - a potion of heal wounds {unknown}
Comestibles
 b - 2 rations


   Skills:
 + Level 2.1 Dodging
 - Level 1.7 Stealth
 * Level 2.6 Spellcasting
 + Level 4.2 Summonings


You had 3 spell levels left.
You knew the following spells:

 Your Spells              Type           Power        Failure   Level  Hunger
a - Summon Small Mammal   Summ           ##..         3%          1    #......
b - Call Imp              Summ           ##......     5%          2    ##.....

Your spell library contained the following spells:

 Spells                   Type           Power        Failure   Level  Hunger
 Call Canine Familiar     Summ           ##......     11%         3    ###....
 Summon Guardian Golem    Hex/Summ       #.......     26%         3    ###....
 Summon Ice Beast         Ice/Summ       #.......     65%         4    #####..
 Summon Lightning Spire   Summ/Air       #.......     65%         4    #####..


Dungeon Overview and Level Annotations

Branches:
Dungeon (2/15)

Altars:


Innate Abilities, Weirdness & Mutations

Your plain brown scales are hard. (AC +4)
You cannot fit into any form of body armour.
You are cold-blooded and may be slowed by cold attacks.


Message History

The adder misses you. The adder bites you but does no damage.
You miss the adder.
The adder is heavily wounded.
The adder closely misses you.
A stone appears from out of your range of vision.
The stone completely misses your crimson imp.
You barely miss the adder.
Your tail-slap misses the adder.
The adder is heavily wounded.
The adder closely misses you.
The goblin shoots a stone.
The stone misses your crimson imp. The stone hits you.
* * * LOW HITPOINT WARNING * * *
The adder bites you.
* * * LOW HITPOINT WARNING * * *
A kobold comes into view. It is wielding a +0 short sword.
You hit the adder.
Your tail-slap misses the adder.
The adder is severely wounded.
The adder bites you but does no damage.
Your crimson imp barely misses the adder.
The adder bites you.
You die...

................ #...<..
...............> #......
..K............. #......
...............# #......
..............## #......
.....)....$....# #......
....g...##.....###.....(
.....(#S## ##....#......
##....5@.####..#.#......
#.####.....##...#..#.#.
#. #.#..........##.#. .
#..###..#......#.#. #++#
##............
##(..........
###.....#..# ###.....##
#...##.##


You could see an adder, a goblin, a kobold and a friendly crimson imp.

Vanquished Creatures
  2 leopard geckos (D:2)
  3 bats
  A giant cockroach (D:1)
  2 hobgoblins (D:1)
  3 kobolds
  A rat (D:1)
12 creatures vanquished.

Vanquished Creatures (collateral kills)
  An ooze (D:2)
  A giant cockroach (D:2)
  2 goblins (D:2)
  A hobgoblin (D:2)
  A kobold (D:2)
6 creatures vanquished.

Grand Total: 18 creatures vanquished

Notes
Turn   | Place    | Note
-------+----------+-------------------------------------------
     0 | D:1      | Ivernyr the Draconian Summoner began the quest for the Orb.
     0 | D:1      | Reached XP level 1. HP: 14/14 MP: 3/3
   812 | D:2      | Reached XP level 2. HP: 16/20 MP: 1/5
   947 | D:2      | Learned a level 2 spell: Call Imp
  1252 | D:2      | HP: 1/20 [adder (3)]
  1253 | D:2      | Slain by an adder

Skill      XL: |  1 |
---------------+----+-----
Dodging        | 2 |  2.1
Stealth        | |  1.7
Spellcasting   | |  2.6
Summonings     | |  4.2

Action                   || total
-------------------------++-------
Melee: Unarmed           ||    28
       Club              ||    40
       Tailslap          ||     7
 Cast: Summon Small Mamm ||     5
       Call Imp          ||     3
 Stab: Sleeping          ||     3
Armor: Skin              ||    19
Dodge: Dodged            ||    65
